[ AOE2 MATCH · #513794362 ]
UnrankedBurmese vs Bohemians
Player's team · LOSS
Rival team · WIN
[ REPLAY ANALYSIS · EXTRACTED FROM THE RECORDED GAME ]
Feudal
9:15
Castle
20:17
Imperial
40:11
| APM avg | 84.9 |
| APM peak | 136 |
| eAPM avg | 45.4 |
| Villagers / military | 160 / 80 |
Focus
⚔️ 55.0% · 🌾 45.0%
Skirmisher ×23 · Monk ×11 · Arambai ×11 · Spearman ×10 · Scout Cavalry ×8 · Knight ×5
Feudal
9:15
Castle
21:48
Imperial
38:05
| APM avg | 69.8 |
| APM peak | 105 |
| eAPM avg | 38.2 |
| Villagers / military | 141 / 141 |
Focus
⚔️ 63.8% · 🌾 36.2%
Archer ×92 · Ballestero montado ×21 · Scout Cavalry ×8 · Bombard Cannon ×7 · Monk ×5 · Spearman ×5
Match map
Initial resources + every placement click. Lines = walls · curves = elevation contours. ◆ gold · ⬟ stone · ● berries · ✦ relic · ◌ wall gap
Your base· Open — unwalled flank
TAG_Sora Kuma's base· Open — unwalled flank
Smoothed initial terrain · ◌ = detected wall gap · hover for details
Inputs per minute
— Oni.TheViper - - TAG_Sora Kuma
Build order — Oni.TheViper
First 150 of 433 actions detected
| 0:00 | Queue | Villager (Male) |
| 0:00 | Queue | Villager (Male) |
| 0:01 | Build | House |
| 0:03 | Build | House |
| 0:06 | Queue | Villager (Male) |
| 0:07 | Queue | Villager (Male) |
| 1:23 | Queue | Villager (Male) |
| 1:24 | Queue | Villager (Male) |
| 1:49 | Queue | Villager (Male) |
| 1:57 | Build | Lumber Camp |
| 2:26 | Queue | Villager (Male) |
| 2:26 | Queue | Villager (Male) |
| 3:05 | Queue | Villager (Male) |
| 3:31 | Queue | Villager (Male) |
| 3:31 | Queue | Villager (Male) |
| 3:49 | Build | House |
| 3:55 | Queue | Villager (Male) |
| 4:19 | Build | Mill |
| 4:23 | Queue | Villager (Male) |
| 4:23 | Queue | Villager (Male) |
| 4:54 | Queue | Villager (Male) |
| 5:07 | Queue | Villager (Male) |
| 5:15 | Queue | Villager (Male) |
| 5:32 | Queue | Villager (Male) |
| 5:35 | Build | Mill |
| 6:29 | Queue | Villager (Male) |
| 6:32 | Research | Loom |
| 7:04 | Research | Feudal Age |
| 7:04 | Research | Feudal Age |
| 8:30 | Build | Barracks |
| 8:34 | Build | House |
| 8:50 | Queue | Villager (Male) |
| 8:50 | Queue | Villager (Male) |
| 8:59 | Build | Palisade Wall |
| 9:04 | Queue | Villager (Male) |
| 9:15 | Age | Feudal Age |
| 9:27 | Build | Stable |
| 9:30 | Queue | Spearman |
| 9:31 | Research | Horse Collar |
| 9:32 | Queue | Villager (Male) |
| 9:46 | Queue | Spearman |
| 9:58 | Queue | Spearman |
| 9:59 | Queue | Villager (Male) |
| 10:06 | Queue | Scout Cavalry |
| 10:06 | Queue | Scout Cavalry |
| 10:06 | Queue | Scout Cavalry |
| 10:10 | Build | House |
| 10:16 | Queue | Scout Cavalry |
| 10:29 | Queue | Villager (Male) |
| 10:33 | Build | House |
| 10:34 | Build | House |
| 10:39 | Queue | Scout Cavalry |
| 10:41 | Queue | Spearman |
| 10:45 | Build | Farm |
| 10:48 | Build | Farm |
| 10:52 | Queue | Villager (Male) |
| 11:01 | Queue | Villager (Male) |
| 11:19 | Queue | Villager (Male) |
| 11:30 | Build | House |
| 11:37 | Queue | Spearman |
| 11:38 | Queue | Villager (Male) |
| 11:46 | Queue | Villager (Male) |
| 11:49 | Queue | Spearman |
| 12:00 | Build | Farm |
| 12:05 | Queue | Villager (Male) |
| 12:07 | Build | Farm |
| 12:08 | Build | Farm |
| 12:08 | Queue | Villager (Male) |
| 12:22 | Build | Farm |
| 12:23 | Queue | Villager (Male) |
| 12:25 | Queue | Scout Cavalry |
| 12:26 | Queue | Spearman |
| 12:45 | Build | Farm |
| 12:46 | Build | Farm |
| 12:57 | Queue | Villager (Male) |
| 13:03 | Build | Farm |
| 13:12 | Queue | Villager (Male) |
| 13:16 | Queue | Villager (Male) |
| 13:28 | Queue | Villager (Male) |
| 13:29 | Build | Farm |
| 13:30 | Build | Farm |
| 13:30 | Queue | Villager (Male) |
| 13:45 | Build | House |
| 13:50 | Build | Farm |
| 14:04 | Build | Farm |
| 14:06 | Build | Farm |
| 14:10 | Queue | Villager (Male) |
| 14:18 | Queue | Villager (Male) |
| 14:22 | Build | Farm |
| 14:43 | Build | Farm |
| 14:44 | Queue | Villager (Male) |
| 14:52 | Build | Mining Camp |
| 15:00 | Build | Farm |
| 15:01 | Queue | Villager (Male) |
| 15:34 | Build | Archery Range |
| 15:47 | Queue | Villager (Male) |
| 15:55 | Research | Wheelbarrow |
| 16:04 | Queue | Villager (Male) |
| 16:10 | Build | Palisade Wall |
| 16:14 | Queue | Archer |
| 16:25 | Queue | Villager (Male) |
| 16:40 | Queue | Archer |
| 16:40 | Queue | Villager (Male) |
| 16:54 | Build | Palisade Wall |
| 16:56 | Build | Palisade Wall |
| 16:58 | Build | Palisade Wall |
| 17:04 | Queue | Villager (Male) |
| 17:11 | Build | Farm |
| 17:11 | Build | Farm |
| 17:14 | Build | Farm |
| 17:17 | Queue | Archer |
| 17:20 | Queue | Skirmisher |
| 17:23 | Queue | Villager (Male) |
| 17:28 | Research | Castle Age |
| 17:28 | Research | Castle Age |
| 17:38 | Queue | Villager (Male) |
| 17:41 | Queue | Villager (Male) |
| 17:52 | Queue | Spearman |
| 17:56 | Queue | Villager (Male) |
| 18:00 | Queue | Spearman |
| 18:08 | Build | Palisade Gate |
| 18:09 | Queue | Archer |
| 18:10 | Queue | Spearman |
| 18:11 | Build | House |
| 18:12 | Build | House |
| 18:15 | Queue | Scout Cavalry |
| 18:24 | Research | Gold Mining |
| 19:04 | Queue | Skirmisher |
| 19:16 | Build | Blacksmith |
| 19:19 | Queue | Scout Cavalry |
| 19:44 | Queue | Villager (Male) |
| 19:46 | Queue | Villager (Male) |
| 19:51 | Research | Fletching |
| 19:52 | Queue | Villager (Male) |
| 19:57 | Build | House |
| 19:59 | Queue | Skirmisher |
| 20:04 | Queue | Villager (Male) |
| 20:12 | Build | House |
| 20:13 | Build | House |
| 20:17 | Age | Castle Age |
| 20:19 | Queue | Knight |
| 20:22 | Queue | Villager (Male) |
| 20:24 | Research | Bodkin Arrow |
| 20:25 | Queue | Villager (Male) |
| 20:32 | Build | Mining Camp |
| 20:38 | Queue | Villager (Male) |
| 20:47 | Build | Lumber Camp |
| 20:59 | Queue | Villager (Male) |
| 21:07 | Queue | Villager (Male) |
| 21:10 | Build | Town Center |
Build order — TAG_Sora Kuma
First 150 of 452 actions detected
| 0:00 | Queue | Villager (Male) |
| 0:02 | Build | House |
| 0:03 | Build | House |
| 0:15 | Queue | Villager (Male) |
| 0:18 | Queue | Villager (Male) |
| 0:19 | Queue | Villager (Male) |
| 0:20 | Queue | Villager (Male) |
| 1:30 | Queue | Villager (Male) |
| 1:55 | Queue | Villager (Male) |
| 2:21 | Queue | Villager (Male) |
| 2:21 | Queue | Villager (Male) |
| 2:53 | Queue | Villager (Male) |
| 3:16 | Queue | Villager (Male) |
| 3:30 | Queue | Villager (Male) |
| 3:35 | Build | Mill |
| 4:00 | Queue | Villager (Male) |
| 4:04 | Build | House |
| 4:25 | Queue | Villager (Male) |
| 4:32 | Queue | Villager (Male) |
| 4:43 | Build | Lumber Camp |
| 4:46 | Queue | Villager (Male) |
| 5:45 | Queue | Villager (Male) |
| 5:53 | Queue | Villager (Male) |
| 6:00 | Research | Loom |
| 6:02 | Build | House |
| 6:55 | Research | Feudal Age |
| 7:50 | Build | Barracks |
| 8:58 | Queue | Villager (Male) |
| 9:15 | Age | Feudal Age |
| 9:16 | Build | Stable |
| 9:17 | Queue | Spearman |
| 9:20 | Research | Double-Bit Axe |
| 9:23 | Queue | Villager (Male) |
| 9:37 | Queue | Villager (Male) |
| 9:47 | Build | House |
| 9:56 | Queue | Scout Cavalry |
| 9:59 | Build | Mill |
| 10:04 | Queue | Villager (Male) |
| 10:07 | Queue | Spearman |
| 10:12 | Build | House |
| 10:23 | Queue | Scout Cavalry |
| 10:25 | Queue | Scout Cavalry |
| 10:27 | Queue | Villager (Male) |
| 10:30 | Queue | Spearman |
| 11:03 | Build | House |
| 11:04 | Build | Palisade Wall |
| 11:13 | Queue | Villager (Male) |
| 11:15 | Build | Farm |
| 11:16 | Queue | Villager (Male) |
| 11:20 | Build | Farm |
| 11:37 | Queue | Scout Cavalry |
| 11:45 | Queue | Villager (Male) |
| 12:02 | Build | Farm |
| 12:02 | Build | Farm |
| 12:05 | Queue | Scout Cavalry |
| 12:15 | Queue | Scout Cavalry |
| 12:24 | Build | Farm |
| 12:29 | Queue | Villager (Male) |
| 12:32 | Build | Farm |
| 12:51 | Queue | Villager (Male) |
| 12:53 | Build | Archery Range |
| 13:03 | Build | House |
| 13:03 | Build | House |
| 13:06 | Queue | Villager (Male) |
| 13:23 | Queue | Villager (Male) |
| 13:31 | Build | Mining Camp |
| 13:47 | Queue | Villager (Male) |
| 13:48 | Queue | Spearman |
| 13:53 | Build | Farm |
| 13:55 | Build | Farm |
| 14:17 | Queue | Villager (Male) |
| 14:18 | Build | Farm |
| 14:19 | Queue | Archer |
| 14:36 | Queue | Scout Cavalry |
| 14:46 | Queue | Archer |
| 14:54 | Queue | Scout Cavalry |
| 15:00 | Build | Farm |
| 15:08 | Queue | Villager (Male) |
| 15:14 | Queue | Archer |
| 15:37 | Queue | Villager (Male) |
| 15:41 | Build | Farm |
| 15:50 | Queue | Archer |
| 16:04 | Queue | Villager (Male) |
| 16:05 | Build | Blacksmith |
| 16:24 | Build | Farm |
| 16:27 | Research | Horse Collar |
| 16:28 | Queue | Villager (Male) |
| 16:44 | Queue | Archer |
| 16:55 | Build | House |
| 17:02 | Queue | Villager (Male) |
| 17:14 | Research | Fletching |
| 17:18 | Queue | Archer |
| 17:20 | Build | Farm |
| 17:21 | Build | Farm |
| 17:22 | Build | House |
| 17:27 | Queue | Archer |
| 17:28 | Queue | Villager (Male) |
| 18:01 | Queue | Villager (Male) |
| 18:15 | Build | Farm |
| 18:17 | Queue | Archer |
| 18:28 | Queue | Villager (Male) |
| 18:32 | Build | Lumber Camp |
| 19:03 | Build | House |
| 19:05 | Build | Palisade Wall |
| 19:09 | Research | Castle Age |
| 19:17 | Queue | Archer |
| 19:17 | Queue | Archer |
| 19:24 | Build | Archery Range |
| 20:02 | Research | Scale Mail Armor |
| 20:04 | Queue | Archer |
| 20:06 | Queue | Archer |
| 20:10 | Queue | Archer |
| 20:32 | Queue | Archer |
| 21:17 | Queue | Archer |
| 21:35 | Queue | Villager (Male) |
| 21:41 | Build | Palisade Wall |
| 21:43 | Build | Palisade Wall |
| 21:46 | Queue | Archer |
| 21:48 | Build | House |
| 21:48 | Age | Castle Age |
| 21:53 | Research | Crossbowman (upgrade) |
| 21:57 | Research | Bodkin Arrow |
| 21:57 | Research | Bodkin Arrow |
| 21:59 | Build | Monastery |
| 22:02 | Queue | Spearman |
| 22:04 | Build | House |
| 22:06 | Research | Bow Saw |
| 22:06 | Research | Heavy Plow |
| 22:10 | Queue | Villager (Male) |
| 22:15 | Build | University |
| 22:22 | Queue | Archer |
| 22:23 | Queue | Archer |
| 22:25 | Queue | Villager (Male) |
| 22:47 | Queue | Monk |
| 22:50 | Queue | Villager (Male) |
| 22:51 | Queue | Archer |
| 22:53 | Build | House |
| 22:54 | Build | Palisade Wall |
| 23:04 | Build | House |
| 23:12 | Queue | Villager (Male) |
| 23:16 | Queue | Archer |
| 23:20 | Queue | Archer |
| 23:33 | Queue | Villager (Male) |
| 23:33 | Queue | Archer |
| 23:48 | Queue | Villager (Male) |
| 23:54 | Queue | Archer |
| 24:03 | Queue | Archer |
| 24:14 | Research | Ballistics |
| 24:18 | Queue | Villager (Male) |
| 24:23 | Queue | Villager (Male) |
Match timeline
| 7:50 | TAG_Sora Kuma · first_building Barracks |
| 8:30 | Oni.TheViper · first_building Barracks |
| 8:59 | Oni.TheViper · wall_segment Palisade Wall x1 |
| 9:15 | TAG_Sora Kuma · age_up feudal |
| 9:15 | Oni.TheViper · age_up feudal |
| 9:16 | TAG_Sora Kuma · first_building Stable |
| 9:27 | Oni.TheViper · first_building Stable |
| 11:04 | TAG_Sora Kuma · wall_segment Palisade Wall x2 |
| 12:53 | TAG_Sora Kuma · first_building Archery Range |
| 15:34 | Oni.TheViper · first_building Archery Range |
| 16:10 | Oni.TheViper · wall_segment Palisade Wall x1 |
| 16:54 | Oni.TheViper · wall_segment Palisade Wall x1 |
| 16:56 | Oni.TheViper · wall_segment Palisade Wall x1 |
| 16:58 | Oni.TheViper · wall_segment Palisade Wall x1 |
| 19:05 | TAG_Sora Kuma · wall_segment Palisade Wall x9 |
| 20:17 | Oni.TheViper · age_up castle |
| 21:29 | Oni.TheViper · first_building Monastery |
| 21:41 | TAG_Sora Kuma · wall_segment Palisade Wall x7 |
| 21:43 | TAG_Sora Kuma · wall_segment Palisade Wall x6 |
| 21:48 | TAG_Sora Kuma · age_up castle |
| 21:59 | TAG_Sora Kuma · first_building Monastery |
| 22:54 | TAG_Sora Kuma · wall_segment Palisade Wall x4 |
| 23:25 | Oni.TheViper · first_building Siege Workshop |
| 25:08 | Oni.TheViper · wall_segment Palisade Wall x3 |
| 27:47 | TAG_Sora Kuma · first_building Siege Workshop |
| 28:04 | Oni.TheViper · first_market_buy 100 food |
| 32:14 | TAG_Sora Kuma · wall_segment Stone Wall x3 |
| 32:14 | TAG_Sora Kuma · wall_segment Stone Wall x1 |
| 32:15 | TAG_Sora Kuma · wall_segment Stone Wall x1 |
| 32:15 | TAG_Sora Kuma · wall_segment Stone Wall x2 |
| 32:16 | TAG_Sora Kuma · wall_segment Stone Wall x2 |
| 33:55 | Oni.TheViper · first_building Castle |
| 36:38 | TAG_Sora Kuma · first_building Castle |
| 36:55 | TAG_Sora Kuma · wall_segment Palisade Wall x8 |
| 38:03 | Oni.TheViper · wall_segment Stone Wall x1 |
| 38:05 | TAG_Sora Kuma · age_up imperial |
| 38:26 | TAG_Sora Kuma · first_market_sell 100 food |
| 40:11 | Oni.TheViper · age_up imperial |
| 42:31 | Oni.TheViper · resign |
[ AI ANALYSIS · 1 CREDIT ]
What really happened in this match?
Wolo.gg analyzes every decision: build order, eco, micro, common mistakes by bracket. Personalized analysis on WhatsApp or Discord in 30 seconds.
Civ guide
Burmese
Perfil
TheViper